 Dungeon Crawl Stone Soup version 0.31-a0-187-gba352fbbf7 (webtiles) character file.

Game seed: 17528240093655257391

500 qw the Skirmisher (level 6, -3/35 HPs)
             Began as a Deep Elf Hunter on June 22, 2023.
             Slain by a phantom (4 damage)
             ... on level 5 of the Dungeon.
             The game lasted 00:01:12 (2854 turns).

qw the Skirmisher (Deep Elf Hunter)                 Turns: 2854, Time: 00:01:12

Health: -3/35      AC:  8    Str: 10    XL:     6   Next: 94%
Magic:  8/8        EV: 11    Int: 14    God:
Gold:   221        SH:  4    Dex: 18    Spells: 5/5 levels left

rFire   . . .        c - +0 shortbow (heavy)
rCold   . . .        (shield currently unavailable)
rNeg    . . .        d - +0 ring mail
rPois   .            g - +1 hat
rElec   .            e - +1 cloak
rCorr   .            (no gloves)
SInv    .            (no boots)
Will    .....        b - amulet of faith
Stlth   +            (no ring)
HPRegen 0.25/turn    (no ring)
MPRegen 0.11/turn

%: faith
@: about to teleport
A: beak, large bone plates 1
a: no special abilities


You were on level 5 of the Dungeon.
You visited 1 branch of the dungeon, and saw 5 of its levels.

You collected 221 gold pieces.


Innate Abilities, Weirdness & Mutations

You have a beak for a mouth.
You are partially covered in large bone plates. (SH +4)


   Skills:
 - Level 2.1 Fighting
 + Level 10.0 Ranged Weapons
 - Level 1.2 Armour
 - Level 3.4 Dodging
 - Level 1.2 Stealth


You had 5 spell levels left.
You didn't know any spells.
Your spell library was empty.

Inventory:

Hand Weapons
 c - a +0 heavy shortbow (weapon)
Armour
 d - a +0 ring mail (worn)
 e - a +1 cloak (worn)
 g - a +1 hat (worn)
Jewellery
 b - an amulet of faith (around neck)
Scrolls
 h - a scroll of identify
 j - a scroll of teleportation
 m - a scroll of brand weapon
Potions
 a - a potion of cancellation {unknown}
 f - a potion of mutation
 i - a potion of might {unknown}
 k - a potion of berserk rage {unknown}
 o - a potion of heal wounds {unknown}
 p - a potion of lignification {unknown}

Dungeon Overview and Level Annotations

Branches:
Dungeon (5/15)
 Temple: D:4-7

Altars:
Ru


Message History

You kill the ufetubus!
A phantom comes into view.
You block the gnoll's attack. The gnoll closely misses you.
The gnoll barely misses you.
You shoot an arrow. The arrow hits the gnoll!
You kill the gnoll!
You shoot an arrow.
The arrow hits the phantom but does no damage.
The gnoll hits you from afar with a +0 spear.
The phantom barely misses you. The gnoll misses you. The phantom misses you.
The gnoll closely misses you.
You shoot an arrow. The arrow hits the phantom!!
The phantom is severely damaged.
The gnoll hits you from afar with a +0 halberd.
The gnoll hits you but does no damage. The gnoll misses you.
The phantom hits you.
You shoot an arrow. The arrow hits the phantom.
The phantom is severely damaged.
The gnoll barely misses you.
The gnoll hits you from afar with a +0 spear.
The phantom hits you.
The gnoll hits you from afar with a +0 halberd!
The gnoll barely misses you. The phantom closely misses you.
The gnoll barely misses you. The gnoll hits you but does no damage.
You shoot an arrow.
The arrow hits the phantom but does no damage.
The phantom is severely damaged.
You block the gnoll's attack. The gnoll hits you but does no damage.
The phantom misses you.
The gnoll hits you from afar with a +0 halberd!
2853 ||| READING 2 scrolls of teleportation.
As you read the scroll of teleportation, it crumbles to dust.
You feel strangely unstable.
The gnoll hits you but does no damage. x2; The gnoll closely misses you.
You block the phantom's attack.
You shoot an arrow. The arrow closely misses the phantom.
The gnoll barely misses you.
The gnoll hits you from afar with a +0 spear.
The phantom hits you.
The phantom blinks!
You blink.
The phantom hits you.
You die...

#############
##...........##
##....###...#..##
##......#........#
#.............W#.###
..#..........#@....##
.##..........##..#..#
.....g............#.#
.....g)g¤...........#.
.....g####...........#
..... ##..........#
.... #......#.... ...
#.....##.... ..
##......#....


You could see a phantom and a gnoll.

Vanquished Creatures
  A phantom (D:4)
  A scorpion (D:4)
  A howler monkey (D:4)
  2 hounds (D:4)
  An iguana (D:4)
  3 sleepcaps
  A gnoll (D:5)
  7 adders
  An ufetubus (D:5)
  A worm (D:1)
  A dart slug (D:1)
  7 ball pythons
  11 endoplasms
  2 giant cockroaches
  6 goblins
  7 hobgoblins
  6 jackals
  8 kobolds
  4 quokkas
  5 bats
  2 frilled lizards (D:1)
  7 rats
85 creatures vanquished.

Notes
Turn   | Place    | Note
-------+----------+-------------------------------------------
     0 | D:1      | qw the Deep Elf Hunter began the quest for the Orb.
     0 | D:1      | Reached XP level 1. HP: 12/12 MP: 3/3
     0 | D:1      | 0 ||| qw: Version: 0.3-a-9-g12657ce
     0 | D:1      | 0 ||| qw: Game counter: 1953
     0 | D:1      | 0 ||| qw: Always use a shield: true
     0 | D:1      | 0 ||| qw: God list: Okawaru
     0 | D:1      | 0 ||| qw: Allow faded altars: false
     0 | D:1      | 0 ||| qw: Do Orc after D:15 true
     0 | D:1      | 0 ||| qw: Do second Lair branch before Depths: true
     0 | D:1      | 0 ||| qw: Lair rune preference: random
     0 | D:1      | 0 ||| qw: Plans: Normal
     0 | D:1      | 0 ||| PLANNING D:1-11
   156 | D:1      | Reached XP level 2. HP: 16/16 MP: 4/4
   159 | D:1      | Reached skill level 6 in Ranged Weapons
   353 | D:1      | Reached XP level 3. HP: 20/20 MP: 5/5
   524 | D:1      | 524 ||| UPGRADING to +0 ring mail.
   534 | D:1      | 534 ||| DROPPING +0 leather armour.
   535 | D:1      | 535 ||| UPGRADING to +1 cloak.
   540 | D:1      | 540 ||| READING scroll labelled ZOARIJ JIXTIGUMN.
   541 | D:1      | 541 ||| READING scroll labelled HOREN BOX DEK.
   542 | D:1      | 542 ||| DRINKING 2 grey potions.
   543 | D:1      | 543 ||| DROPPING scroll of butterflies.
   544 | D:1      | 544 ||| DROPPING potion of attraction.
   577 | D:2      | 577 ||| STAIRDANCE
   640 | D:2      | Reached skill level 7 in Ranged Weapons
  1093 | D:2      | Found a faded altar of an unknown god.
  1094 | D:2      | Noticed a great orb of eyes
  1099 | D:2      | Noticed a golden eye
  1108 | D:2      | Noticed an eye of devastation
  1108 | D:2      | Noticed an eye of devastation
  1655 | D:2      | 1655 ||| READING scroll labelled KENUCH TISCH.
  1656 | D:2      | 1656 ||| READING scroll labelled JYTA KISMIRIR.
  1659 | D:2      | 1659 ||| READING scroll labelled POOTAN NAIR.
  1660 | D:2      | 1660 ||| DRINKING 2 metallic puce potions.
  1660 | D:2      | Gained mutation: You are partially covered in large bone
                  | plates. (SH +4) [potion of mutation]
  1660 | D:2      | Gained mutation: You have a beak for a mouth. [potion of
                  | mutation]
  1661 | D:2      | 1661 ||| DRINKING 2 smoky white potions.
  1662 | D:2      | 1662 ||| DROPPING potion of invisibility.
  1679 | D:3      | Reached XP level 4. HP: 25/25 MP: 6/6
  1741 | D:3      | Reached skill level 8 in Ranged Weapons
  2161 | D:3      | 2161 ||| UPGRADING to +1 hat.
  2166 | D:3      | 2166 ||| READING scroll labelled USOQOE RAERR.
  2202 | D:4      | Reached XP level 5. HP: 24/29 MP: 7/7
  2234 | D:4      | Reached skill level 9 in Ranged Weapons
  2318 | D:4      | Noticed a phantom
  2321 | D:4      | Killed a phantom
  2322 | D:4      | Reached XP level 6. HP: 35/35 MP: 8/8
  2440 | D:4      | Found a sacrificial altar of Ru.
  2446 | D:4      | Reached skill level 10 in Ranged Weapons
  2577 | D:4      | Reached skill level 3 in Dodging
  2656 | D:4      | 2656 ||| UPGRADING to amulet of faith.
  2661 | D:4      | 2661 ||| READING scroll labelled GEACSE XIGOTISUO.
  2662 | D:4      | 2662 ||| READING 2 scrolls labelled ESMEIS KAGI.
  2663 | D:4      | 2663 ||| READING scroll labelled KAHEUJ ANLEI.
  2664 | D:4      | 2664 ||| READING scroll labelled ZIACA DEENEFUL.
  2665 | D:4      | 2665 ||| DROPPING scroll of immolation.
  2667 | D:4      | 2667 ||| Stepping ~*~*~tactically~*~*~ (cloud).
  2746 | D:5      | Entered Level 5 of the Dungeon
  2755 | D:5      | 2755 ||| STAIRDANCE
  2829 | D:5      | Reached skill level 1 in Armour
  2852 | D:5      | HP: 7/35 [gnoll/+0 halberd (7)]
  2853 | D:5      | 2853 ||| READING 2 scrolls of teleportation.
  2854 | D:5      | HP: 1/35 [phantom (4)]
  2854 | D:5      | Slain by a phantom

Levels and vault maps discovered:
D:1:      lightli_arrival_flooded_house, layout_basic, minmay_hedge_maze
D:2:      layout_basic, serial_co_window_serial, co_window_of_opportunity_a,
          co_window_of_opportunity_a, co_window_paths_a,
          co_window_of_opportunity_a, co_window_paths_a,
          co_window_of_opportunity_b, co_window_corner_cb, co_window_2corner,
          co_window_corner_b, co_window_4corner_a, co_window_4corner_b,
          hellmonk_ecumenical_altar_watching_god
D:3:      layout_loops_ring
D:4:      layout_rooms, nicolae_ru_great_annihilating_truth,
          hangedman_decor_growths
D:5:      layout_cave_pools, mainiacjoe_overflow_cross_hatched,
          kennysheep_decorative_pillar, serial_bayou_lagoon_a, chequers_jeans

Skill      XL: |  1  2  3  4  5  6 |
---------------+-------------------+-----
Ranged Weapons | 6 7 8 9 10 | 10.0
Fighting       | 2 |  2.1
Dodging        | 3 |  3.4
Armour         | 1 |  1.2
Stealth        | |  1.2

Action                     |  1- 3 |  4- 6 || total
---------------------------+-------+-------++-------
   Fire: Shortbow          |   123 |   119 ||   242
    Use: Scroll            |     5 |     6 ||    11
         Potion            |     3 |       ||     3
 Armour: Leather armour    |     6 |       ||     6
         Ring mail         |     8 |    32 ||    40
  Dodge: Dodged            |    25 |    70 ||    95
  Block: Other             |       |    16 ||    16

Table legend:
 A = Non-vault XP
 B = Vault XP
 C = Vault XP percentage of total XP
 D = Non-vault monster count
 E = Vault monster count
 F = Vault count percentage of total count
                 A         B        C        D         E       F
            +---------+---------+-------+---------+---------+-------
      Total |     709 |       6 |   0.8 |      81 |       4 |   4.7
            +---------+---------+-------+---------+---------+-------
        D:1 |      51 |       0 |   0.0 |      27 |       0 |   0.0
        D:2 |      40 |       0 |   0.0 |      16 |       0 |   0.0
        D:3 |      84 |       0 |   0.0 |      15 |       0 |   0.0
        D:4 |     475 |       6 |   1.2 |      20 |       4 |  16.7
        D:5 |      59 |       0 |   0.0 |       3 |       0 |   0.0
            +---------+---------+-------+---------+---------+-------
